 Dungeon Crawl Stone Soup version 0.21.1-1-g345015f (webtiles) character file.

241 kae the Skirmisher (level 6, -8/48 HPs)
             Began as a Formicid Abyssal Knight on May 3, 2018.
             Was a Believer of Lugonu.
             Mangled by an iguana (9 damage)
             ... on level 4 of the Dungeon.
             The game lasted 00:03:39 (3119 turns).

kae the Skirmisher (Formicid Abyssal Knight)        Turns: 3119, Time: 00:03:39

Health: -8/48      AC:  4    Str: 18    XL:     6   Next: 30%
Magic:  8/8        EV: 12    Int: 12    God:    Lugonu [**....]
Gold:   147        SH:  0    Dex: 10    Spells: 5/5 levels left

rFire    . . .     SeeInvis +   a - +1 falchion
rCold    . . .     Gourm    .   (no shield)
rNeg     . . .     Faith    .   b - +1 leather armour
rPois    .         Spirit   .   (helmet unavailable)
rElec    .         Reflect  .   (no cloak)
rCorr    .         Harm     .   (no gloves)
MR       .....                  (no boots)
Stlth    +.........             (no amulet)
HPRegen  0.16/turn              (no ring)
MPRegen  0.11/turn              (no ring)

@: no status effects
A: permanent stasis, dig shafts and tunnels, four strong arms, antennae 3
a: Dig, Shaft Self, Depart the Abyss, Bend Space, Renounce Religion


You were on level 4 of the Dungeon.
You worshipped Lugonu.
Lugonu was pleased with you.
You were not hungry.

You visited 1 branch of the dungeon, and saw 3 of its levels.
You visited the Abyss 1 time.

You collected 147 gold pieces.

Inventory:

Hand Weapons
 a - a +1 falchion (weapon)
Armour
 b - a +1 leather armour (worn)
Scrolls
 d - 2 scrolls of fear
 e - a scroll of fog
 i - 2 scrolls of remove curse
 k - 2 scrolls of identify
Potions
 f - 2 potions of haste
Comestibles
 c - 2 rations
 g - a chunk of flesh


   Skills:
 + Level 4.2 Fighting
 * Level 3.9 Long Blades
 + Level 3.2 Armour
 + Level 2.1 Dodging
 + Level 3.5 Invocations


You had 5 spell levels left.
You didn't know any spells.

Dungeon Overview and Level Annotations

Branches:
Dungeon (2/15)

Altars:
Cheibriados
Okawaru
Qazlal
Ru


Innate Abilities, Weirdness & Mutations

You cannot be hasted, slowed, berserked, paralysed or teleported.
You can dig through walls and to a lower floor.
Your four strong arms can wield two-handed weapons with a shield.
You have a pair of large antennae on your head. (SInv)


Message History

You completely miss the iguana.
The iguana is moderately wounded.
The iguana hisses menacingly.
The iguana bites you.
You barely miss the iguana.
The iguana is moderately wounded.
The iguana barely misses you.
You hit the iguana.
The iguana is severely wounded.
The iguana bites you!
* * * LOW HITPOINT WARNING * * *
The iguana misses you.
You hit the iguana but do no damage.
The iguana is severely wounded.
The iguana bites you!
* * * LOW HITPOINT WARNING * * *
You hit the iguana.
The iguana is almost dead.
The iguana bites you!
You die...

#.. #.# #.# #.#
#.# #.# #l# #@#
#.#
#.################
#.#...............
#.................
###.##############
#.# #.# #.#


You could see an iguana.

Vanquished Creatures
  An ogre (D:4)
  A crimson imp (D:4)
  An iguana (D:4)
  2 adders (D:2)
  3 gnolls (D:4)
  2 worms (D:2)
  3 dart slugs
  A leopard gecko (D:4)
  2 giant cockroaches
  3 hobgoblins (D:1)
  5 jackals
  6 kobolds
  A quokka (D:2)
  A ball python (D:2)
  A bat (D:2)
  4 frilled lizards
  5 goblins
  5 rats
47 creatures vanquished.

Notes
Turn   | Place    | Note
-------+----------+-------------------------------------------
     0 | Abyss:1  | kae the Formicid Abyssal Knight began the quest for the Orb.
     0 | Abyss:1  | Reached XP level 1. HP: 18/18 MP: 2/2
    20 | Abyss:1  | Noticed a neqoxec
    61 | Abyss:2  | Found a corrupted altar of Lugonu.
    72 | Abyss:2  | Noticed a sixfirhy
    73 | D:1      | Escaped the Abyss
   173 | D:1      | Reached skill level 1 in Dodging
   192 | D:1      | Reached * piety under Lugonu
   192 | D:1      | Reached XP level 2. HP: 20/24 MP: 3/3
   521 | D:1      | Reached XP level 3. HP: 29/29 MP: 4/4
   853 | D:2      | Found a snail-covered altar of Cheibriados.
  1138 | D:2      | Reached XP level 4. HP: 24/37 MP: 6/6
  1261 | D:2      | Found an iron altar of Okawaru.
  1284 | D:2      | Found a stormy altar of Qazlal.
  1588 | D:2      | Reached ** piety under Lugonu
  1769 | D:2      | Found a sacrificial altar of Ru.
  1861 | D:2      | You fall through a shaft for 2 floors!
  2032 | D:4      | Reached XP level 5. HP: 30/42 MP: 7/7
  2584 | D:4      | Noticed an ogre
  2597 | D:4      | Reached skill level 4 in Fighting
  2603 | D:4      | Killed an ogre
  2603 | D:4      | Reached XP level 6. HP: 11/48 MP: 8/8
  3118 | D:4      | HP: 1/48 [iguana (9)]
  3119 | D:4      | Mangled by an iguana

Skill      XL: |  1  2  3  4  5 |
---------------+----------------+-----
Dodging        | 1 2 |  2.1
Long Blades    | 3 |  3.9
Invocations    | 3 |  3.5
Fighting       | 4 |  4.2
Armour         | 3 |  3.2

Action                   |  1- 3 |  4- 6 || total
-------------------------+-------+-------++-------
Melee: Falchion          |    87 |    76 ||   163
Invok: Depart the Abyss  |     1 |       ||     1
  Use: Scroll            |     2 |     5 ||     7
  Eat: Chunk             |     1 |     3 ||     4
       Ration            |       |     1 ||     1
Armor: Leather armour    |    25 |     9 ||    34
Dodge: Dodged            |    50 |    49 ||    99
       Rpst.: Falchion   |     9 |    15 ||    24
